 Dungeon Crawl Stone Soup version 0.20-a0-866-gd9c272e (webtiles) character file.

52 Magugala the Sneak (level 3, -7/24 HPs)
             Began as a Vampire Enchanter on Mar 12, 2017.
             Mangled by a hobgoblin
             ... wielding a +0 morningstar
              (9 damage)
             ... on level 2 of the Dungeon.
             The game lasted 00:09:04 (2163 turns).

Magugala the Sneak (Vampire Enchanter)              Turns: 2163, Time: 00:09:04

Health: -7/24      AC:  2    Str:  7    XL:     3   Next: 60%
Magic:  0/6        EV: 13    Int: 18    God:
Gold:   85         SH:  0    Dex: 14    Spells: 4/6 levels left

rFire    . . .     SeeInvis +   a - +1 dagger
rCold    + + .     Gourm    .   b - +0 robe
rNeg     + + +     Faith    .   (no shield)
rPois    ∞         Spirit   +   (no helmet)
rElec    .         Reflect  .   (no cloak)
rCorr    .         Harm     .   (no gloves)
MR       .....                  (no boots)
Stlth    +++++.....             e - amulet of guardian spirit
Regen    0.0/turn               (no ring)
MPRegen  0.1/turn               (no ring)

@: bloodless, non-regenerating
A: fangs 3, see invisible, unbreathing
a: Bat Form


You were on level 2 of the Dungeon.
You were bloodless.

You visited 1 branch of the dungeon, and saw 3 of its levels.

You collected 85 gold pieces.

Inventory:

Hand Weapons
 a - a +1 dagger (weapon)
Armour
 b - a +0 robe (worn)
Jewellery
 e - an amulet of guardian spirit (around neck)
 f - a cursed amulet of faith {unknown}
Scrolls
 g - a scroll of identify {unknown}
 j - a scroll of amnesia {unknown}
 k - a scroll of magic mapping {unknown}
 l - 2 scrolls of noise {unknown}
 m - a scroll of remove curse {unknown}
 n - a scroll of teleportation {unknown}
Potions
 d - 11 potions of blood
 i - a potion of might {unknown}
 o - a potion of ambrosia {unknown}
Books
 c - a book of Maledictions

   Spells                             Type                      Level
   a - Corona                         Hexes                        1
   b - Ensorcelled Hibernation        Hexes/Ice                    2
   c - Confuse                        Hexes                        3
   d - Tukima's Dance                 Hexes                        3
   e - Dazzling Spray                 Conjuration/Hexes            3
 h - a book of Misfortune

   Spells                             Type                      Level
   a - Confusing Touch                Hexes                        1
   b - Confuse                        Hexes                        3
   c - Gell's Gravitas                Translocation                3
   d - Petrify                        Transmutation/Earth          4
   e - Metabolic Englaciation         Hexes/Ice                    5
   f - Yara's Violent Unravelling     Hexes/Transmutation          5


   Skills:
 + Level 1.8 Short Blades
 + Level 2.5 Dodging
 + Level 5.4 Stealth
 + Level 2.2 Spellcasting
 + Level 5.0 Hexes


You had 4 spell levels left.
You knew the following spells:

 Your Spells              Type           Power        Failure   Level  Hunger
a - Corona                Hex            ###....      1%          1    #......
b - Confusing Touch       Hex            ###...       1%          1    #......


Dungeon Overview and Level Annotations

Branches:
Dungeon (3/15)

Altars:
Cheibriados

Annotations:
D:2 Robin


Innate Abilities, Weirdness & Mutations

You do not heal naturally.
You are immune to poison.
You have razor-sharp teeth.
You have supernaturally acute eyesight. (SInv)
You can survive without breathing.


Message History

Robin says, "A pitiful Vampire like you will never find the ORB!"
A bat comes into view.
A hobgoblin comes into view. It is wielding a morningstar.
Robin roars a battlecry!
The hobgoblin goes into a battle-frenzy!
The hobgoblin shouts!
The kobold shouts!
The hobgoblin hits you with a morningstar.
* * * LOW HITPOINT WARNING * * *
The bat completely misses you.
The kobold throws a stone.
The stone hits you.
You see here a stone.
The bat hits you but does no damage. The bat misses you.
The kobold throws a stone.
The stone barely misses you. The bat closely misses you.
The bat hits you but does no damage. The bat misses you.
The bat barely misses you. x2
There is a stone staircase leading up here.
The bat closely misses you.
The hobgoblin hits you with a morningstar!
You die...

##....#.##.......##.##.#.....
#......# #.......##.#......#
.......# ##...#####.#.....<##
.......# #...# #.#........
.......# #...# #.##.#..# ......##
#...#####.......###.# .#...##
#.....(..###..÷.....#
....#######...b###.###..#####....
#.#.#.....(...gK@...#.#.## ..
#.#............g.....###.#
....#.................#.## #
#.#.#######....#.#..##..##.##.
#.#.# #.........##........ # #.#
#...##.##..).....# #.#
#...##.#####(##### #### #.#
#...##.#####.# #.. .. #..
#.......#######.#


You could see Robin, a hobgoblin, a bat and a kobold.

Vanquished Creatures
  An adder (D:2)
  An ooze (D:1)
  A dart slug (D:2)
  6 goblins
  3 hobgoblins (D:2)
  2 jackals (D:1)
  3 kobolds
  A quokka (D:2)
  9 bats
  2 frilled lizards (D:1)
  9 rats
38 creatures vanquished.

Notes
Turn   | Place    | Note
-------+----------+-------------------------------------------
     0 | D:1      | Magugala the Vampire Enchanter began the quest for the Orb.
     0 | D:1      | Reached XP level 1. HP: 13/13 MP: 3/3
   341 | D:1      | You fall through a shaft!
   378 | D:2      | Reached XP level 2. HP: 13/19 MP: 1/5
   580 | D:2      | Learned a level 1 spell: Confusing Touch
   595 | D:3      | Found a snail-covered altar of Cheibriados.
   595 | D:3      | Noticed Robin
   640 | D:2      | Reached skill level 5 in Stealth
  1056 | D:1      | Reached XP level 3. HP: 12/24 MP: 1/6
  2009 | D:2      | Reached skill level 5 in Hexes
  2163 | D:2      | Mangled by a hobgoblin

Vault maps used:
D:1:      mrwooster_arrival_statue_2, hangedman_abyss_or_decor_lesser_grid
D:3:      ashenzari_altar_1, doesnt_xom_only_xom, kennysheep_slug_shrine,
          uniq_robin

Skill      XL: |  1  2  3 |
---------------+----------+-----
Stealth        | 5 |  5.4
Hexes          | 5 |  5.0
Short Blades   | |  1.8
Dodging        | |  2.5
Spellcasting   | |  2.2

Action                   || total
-------------------------++-------
Melee: Dagger            ||   123
       Bite              ||     7
 Cast: Corona            ||    33
       Confusing Touch   ||     4
 Stab: Sleeping          ||     9
Armor: Robe              ||    18
Dodge: Dodged            ||    70
